 Dungeon Crawl Stone Soup version 0.23-a0-350-g6fd5563 (webtiles) character file.

1 Jeffwins the Skirmisher (level 1, -1/24 HPs)
             Began as an Ogre Fighter on Oct 20, 2018.
             Slain by a rat (2 damage)
             ... on level 1 of the Dungeon.
             The game lasted 00:00:11 (31 turns).

Jeffwins the Skirmisher (Ogre Fighter)                Turns: 31, Time: 00:00:11

Health: -1/24      AC:  3    Str: 19    XL:     1   Next: 20%
Magic:  1/1        EV:  8    Int:  9    God:
Gold:   0          SH:  8    Dex:  8    Spells: 0/0 levels left

rFire    . . .     SeeInvis .   a - +0 trident
rCold    . . .     Gourm    .   c - +0 shield
rNeg     . . .     Faith    .   b - +0 robe
rPois    .         Spirit   .   (helmet restricted)
rElec    .         Reflect  .   (no cloak)
rCorr    .         Harm     .   (gloves unavailable)
MR       .....                  (boots unavailable)
Stlth    +.........             (no amulet)
HPRegen  0.08/turn              (no ring)
MPRegen  0.07/turn              (no ring)

@: no status effects
A: large, unfitting armour, tough skin 1
a: no special abilities


You were on level 1 of the Dungeon.
You were not hungry.

You visited 1 branch of the dungeon, and saw 1 of its levels.


Innate Abilities, Weirdness & Mutations

You are too large for most types of armour.
You have tough skin. (AC +1)


   Skills:
 + Level 4.0 Fighting
 * Level 2.0 Polearms
 + Level 0.1 Throwing
 - Level 2.6 Dodging
 - Level 2.6 Shields


You couldn't memorise any spells.
You didn't know any spells.
Your spell library was empty.

Inventory:

Hand Weapons
 a - a +0 trident (weapon)
Armour
 b - a +0 robe (worn)
 c - a +0 shield (worn)
Potions
 d - a potion of might
Comestibles
 f - a ration {@e1}

Dungeon Overview and Level Annotations

Branches:
Dungeon (1/15)

Altars:

#+# .......#.# #.# .
......... #.# .. .....)..
#.# .>. #..... ##.## ....
#.... ##...## ..?.. ##.##
##..⌠..##
......##...#####.......#####
.....>.....lr@...⌠.<.⌠.....+
..###......#####.......#####
.....##...# ##..⌠..## ....##
#...# ##...## ... #####
##.## .. #.# . #.# #.# #+#


You could see a leopard gecko and a rat.


Message History

The giant cockroach bites you.
The giant cockroach bites you but does no damage.
The leopard gecko bites you.
You hit the giant cockroach.
You kill the giant cockroach!
The leopard gecko bites you.
Your shield prevents you from hitting the leopard gecko.
You block the leopard gecko's attack. The rat bites you.
You completely miss the leopard gecko. You block the leopard gecko's attack.
The leopard gecko bites you. The rat bites you.
You closely miss the leopard gecko. The leopard gecko barely misses you.
The rat barely misses you.
You closely miss the leopard gecko. The leopard gecko bites you.
* * * LOW HITPOINT WARNING * * *
You block the rat's attack. The leopard gecko bites you.
* * * LOW HITPOINT WARNING * * *
You are too injured to fight recklessly!
Unknown command.
The leopard gecko bites you.
* * * LOW HITPOINT WARNING * * *
There is an open door here.
The rat bites you.
* * * LOW HITPOINT WARNING * * *
Okay, then.
You closely miss the rat. The rat barely misses you.
Unknown command.
You closely miss the rat. You block the rat's attack.
Unknown command.
You barely miss the rat. The rat bites you.
You die...

Action                   || total
-------------------------++-------
Melee: Trident           ||    10
Armor: Robe              ||     1
Dodge: Dodged            ||     3
Block: Shield            ||     4

Vault maps used:
D:1:      evilmike_arrival_plus, minmay_pentomino_u4

Notes
Turn   | Place    | Note
-------+----------+-------------------------------------------
     0 | D:1      | Jeffwins the Ogre Fighter began the quest for the Orb.
     0 | D:1      | Reached XP level 1. HP: 24/24 MP: 1/1
    26 | D:1      | HP: 2/24 [leopard gecko (3)]
    31 | D:1      | Slain by a rat

Vanquished Creatures
  A giant cockroach (D:1)
1 creature vanquished.

Table legend:
 A = Turns spent in this place as a percentage of turns spent in the entire game.
 B = Non-inter-level travel turns spent in this place as a percentage of non-inter-level travel turns spent in the entire game.
 C = Inter-level travel turns spent in this place as a percentage of turns spent in this place.
 D = Turns resting spent in this place as a percentage of non-inter-level travel turns spent in this place.
 E = Turns spent auto-exploring this place as a percentage of non-inter-level travel turns spent in this place.
 F = Non-inter-level travel turns spent in this place divided by the number of levels of this place that you've seen.
                   A       B       C       D       E      F
               +-------+-------+-------+-------+-------+----------------------
         Total | 100.0 | 100.0 |   0.0 |   0.0 |  41.9 |  31.0
       Dungeon | 100.0 | 100.0 |   0.0 |   0.0 |  41.9 |  31.0
               +-------+-------+-------+-------+-------+----------------------

Table legend:
 A = Non-vault XP
 B = Vault XP
 C = Vault XP percentage of total XP
 D = Non-vault monster count
 E = Vault monster count
 F = Vault count percentage of total count
                 A         B        C        D         E       F
            +---------+---------+-------+---------+---------+-------
      Total |       2 |       0 |   0.0 |       1 |       0 |   0.0
            +---------+---------+-------+---------+---------+-------
        D:1 |       2 |       0 |   0.0 |       1 |       0 |   0.0
            +---------+---------+-------+---------+---------+-------
